3AA
ASHEVILLE HIGHLANDERS @ YAKIMA HOPS
08/09/2041
 
TOP OF THE 1ST
Asheville Highlanders batting - Pitching for Yakima Hops : LHP Miguel Núñez
Pitching: LHP Miguel Núñez
Batting: RHB Lane Ruffin 0-0: Ball
1-0: Foul Ball, location: 2F
1-1: Ball
2-1: Called Strike
2-2: Strikes out swinging
Batting: RHB Luis Romero 0-0: Swinging Strike
0-1: Single, Error in OF, E8, batter to second base (Line Drive, 6D, EV 95.0 MPH)
Batting: RHB Tikaroa Hakapuna 0-0: Ball
1-0: Ground out 6-3 (Groundball, 6, EV 78.8 MPH)
Luis Romero to third
Batting: RHB Dusan Kontic 0-0: Ball
1-0: Called Strike
1-1: Ball
Wild Pitch!
Luis Romero scores
2-1: Foul Ball, location: 2F
2-2: Foul Ball, location: 2F
2-2: Foul Ball, location: 2F
2-2: Strikes out swinging
Top of the 1st over - 1 run, 1 hit, 1 error, 0 left on base; Asheville 1 - Yakima 0
BOTTOM OF THE 1ST
Yakima Hops batting - Pitching for Asheville Highlanders : RHP Geoffrey Washington
Pitching: RHP Geoffrey Washington
Batting: RHB Rickey Warner 0-0: Called Strike
0-1: Bunt for hit to 25 - play at first, batter safe!
Batting: RHB Rodrigo Jiménez 0-0: Called Strike
0-1: Foul Ball, location: 2F
0-2: Strikes out swinging
Batting: LHB Jorge Peniche 0-0: Foul Ball, location: 2F
0-1: Foul Ball, location: 2F
0-2: Ball
1-2: Ball
Rickey Warner steals 2nd base
2-2: Strikes out swinging
Pitching: RHP Hyosuke Matsui
Batting: LHB Richard Beagle 0-0: Ball
1-0: Called Strike
1-1: Ball
2-1: Foul Ball, location: 2F
2-2: Ball
3-2: Base on Balls
Batting: LHB Alfredo Pliego 0-0: Swinging Strike
0-1: SINGLE (Line Drive, 6D, EV 95.0 MPH)
Rickey Warner to third
Richard Beagle to second
Batting: SHB John Joseph 0-0: Ball
1-0: Foul Ball, location: 2F
1-1: Foul Ball, location: 2F
1-2: Ball
2-2: Foul Ball, location: 2F
2-2: SINGLE (Groundball, 4MD, EV 107.5 MPH)
Rickey Warner scores
Richard Beagle to third
Alfredo Pliego to second
Runner from 3rd tries for Home, SAFE, no throw by CF
Batting: LHB Kyung-ryul Kim 0-0: Fielders Choice at 2nd, 5-4 (Groundball, 5L, EV 82.5 MPH)
Bottom of the 1st over - 2 runs, 3 hits, 0 errors, 2 left on base; Asheville 1 - Yakima 2
TOP OF THE 2ND
Asheville Highlanders batting - Pitching for Yakima Hops : LHP Miguel Núñez
Batting: RHB Joe Frank 0-0: Called Strike
0-1: Ball
1-1: Foul Ball, location: 2F
1-2: Ball
2-2: Foul Ball, location: 2F
2-2: Ball
3-2: Strikes out swinging
Batting: RHB Ivano Pohvisnev 0-0: Called Strike
0-1: Ball
1-1: Swinging Strike
1-2: Ball
2-2: Foul Ball, location: 2F
2-2: Foul Ball, location: 2F
2-2: Ball
3-2: DOUBLE (Flyball, 9D, EV 93.1 MPH)
Batting: RHB José Portiz 0-0: Ball
1-0: SINGLE (Groundball, 6MD, EV 101.2 MPH)
Ivano Pohvisnev to third
Runner from 3rd tries for Home, throw by CF and OUT! 8-2
José Portiz to second
Batting: RHB Francis Raffone 0-0: Ball
1-0: Foul Ball, location: 2F
1-1: Foul Ball, location: 2F
1-2: Ground out 6-3 (Groundball, 6, EV 106.9 MPH)
Top of the 2nd over - 0 runs, 2 hits, 0 errors, 1 left on base; Asheville 1 - Yakima 2
BOTTOM OF THE 2ND
Yakima Hops batting - Pitching for Asheville Highlanders : RHP Hyosuke Matsui
Batting: RHB Nicodemo Nardone 0-0: Ball
1-0: Called Strike
1-1: Called Strike
1-2: Strikes out swinging
Batting: RHB Tim Dickson 0-0: Ground out 1-3 (Groundball, P, EV 65.0 MPH)
Batting: RHB Rickey Warner 0-0: Called Strike
0-1: Foul Ball, location: 2F
0-2: Strikes out looking
Bottom of the 2nd over - 0 runs, 0 hits, 0 errors, 0 left on base; Asheville 1 - Yakima 2
TOP OF THE 3RD
Asheville Highlanders batting - Pitching for Yakima Hops : LHP Miguel Núñez
Batting: LHB Mark Mears 0-0: Ball
1-0: Ball
2-0: Called Strike
2-1: Foul Ball, location: 2F
2-2: Strikes out swinging
Batting: RHB Lane Ruffin 0-0: Foul Ball, location: 2F
0-1: Ball
1-1: Foul Ball, location: 2F
1-2: Foul Ball, location: 2F
1-2: Strikes out looking
Batting: RHB Luis Romero 0-0: Called Strike
0-1: Foul Ball, location: 2F
0-2: Ball
1-2: Strikes out swinging
Top of the 3rd over - 0 runs, 0 hits, 0 errors, 0 left on base; Asheville 1 - Yakima 2
BOTTOM OF THE 3RD
Yakima Hops batting - Pitching for Asheville Highlanders : RHP Hyosuke Matsui
Batting: RHB Rodrigo Jiménez 0-0: Ball
1-0: DOUBLE (Groundball, 5L, EV 106.9 MPH)
Batting: LHB Jorge Peniche 0-0: Called Strike
0-1: Fly out, F7 (Line Drive, 7D, EV 96.2 MPH)
Runner from 2nd tags up, SAFE at 3rd, no throw by LF
Batting: LHB Richard Beagle 0-0: Ball
1-0: Foul Ball, location: 2F
1-1: Swinging Strike
1-2: Ball
2-2: Fly out, F5 (Popup, 56, EV 76.2 MPH)
Batting: LHB Alfredo Pliego 0-0: Fly out, F8 (Line Drive, 8LD, EV 107.5 MPH)
Bottom of the 3rd over - 0 runs, 1 hit, 0 errors, 1 left on base; Asheville 1 - Yakima 2
TOP OF THE 4TH
Asheville Highlanders batting - Pitching for Yakima Hops : LHP Miguel Núñez
Batting: RHB Tikaroa Hakapuna 0-0: Ball
1-0: Foul Ball, location: 2F
1-1: SINGLE (Groundball, 56D, EV 95.6 MPH)
Batting: RHB Dusan Kontic 0-0: Called Strike
0-1: Swinging Strike
0-2: Ball
1-2: Fly out, F9 (Line Drive, 9D, EV 91.2 MPH)
Batting: RHB Joe Frank 0-0: Called Strike
0-1: Ball
1-1: Ball
2-1: Fielders Choice at 2nd, 1-6 (Groundball, 34S, EV 88.8 MPH)
Batting: RHB Ivano Pohvisnev 0-0: Foul Ball, location: 2F
0-1: Ball
1-1: Ball
2-1: Foul Ball, location: 2F
2-2: Ball
3-2: Ground out 6-3 (Groundball, 6MS, EV 88.1 MPH)
Top of the 4th over - 0 runs, 1 hit, 0 errors, 1 left on base; Asheville 1 - Yakima 2
BOTTOM OF THE 4TH
Yakima Hops batting - Pitching for Asheville Highlanders : RHP Hyosuke Matsui
Batting: SHB John Joseph 0-0: Ball
1-0: Swinging Strike
1-1: Ball
2-1: Fly out, F9 (Flyball, 9S, EV 88.1 MPH)
Batting: LHB Kyung-ryul Kim 0-0: Called Strike
0-1: Called Strike
0-2: Strikes out looking
Batting: RHB Nicodemo Nardone 0-0: Foul Ball, location: 2F
0-1: Swinging Strike
0-2: Strikes out swinging
Bottom of the 4th over - 0 runs, 0 hits, 0 errors, 0 left on base; Asheville 1 - Yakima 2
TOP OF THE 5TH
Asheville Highlanders batting - Pitching for Yakima Hops : LHP Miguel Núñez
Batting: RHB José Portiz 0-0: Called Strike
0-1: Ball
1-1: Swinging Strike
1-2: Foul Ball, location: 2F
1-2: Foul Ball, location: 2F
1-2: Ground out 5-3 (Groundball, 56S, EV 66.9 MPH)
Batting: RHB Francis Raffone 0-0: Ball
1-0: Ball
2-0: Ball
3-0: Base on Balls
Batting: LHB Mark Mears 0-0: Ball
Francis Raffone steals 2nd base (no throw)
1-0: Called Strike
1-1: Swinging Strike
1-2: Ball
2-2: Ball
3-2: Foul Ball, location: 2F
3-2: SINGLE (Line Drive, 7S, EV 102.5 MPH)
Francis Raffone to third
Runner from 3rd tries for Home, throw by LF and OUT! 7-2
Mark Mears to second
Batting: RHB Lane Ruffin 0-0: Called Strike
0-1: Ball
1-1: Ball
2-1: DOUBLE (Line Drive, 5D, EV 100.6 MPH)
Mark Mears scores
Batting: RHB Luis Romero 0-0: Ball
1-0: Called Strike
1-1: Fly out, F7 (Flyball, 7, EV 90.6 MPH)
Top of the 5th over - 1 run, 2 hits, 0 errors, 1 left on base; Asheville 2 - Yakima 2
BOTTOM OF THE 5TH
Yakima Hops batting - Pitching for Asheville Highlanders : RHP Hyosuke Matsui
Batting: RHB Tim Dickson 0-0: Ball
1-0: Fly out, F8 (Flyball, 8RS, EV 94.4 MPH)
Batting: RHB Rickey Warner 0-0: Swinging Strike
0-1: Ball
1-1: Swinging Strike
1-2: Strikes out swinging
Batting: RHB Rodrigo Jiménez 0-0: SINGLE (Flyball, 4D, EV 96.2 MPH)
Batting: LHB Jorge Peniche 0-0: Ball
1-0: Ball
2-0: Called Strike
2-1: Ball
3-1: SINGLE (Groundball, 4S, EV 73.1 MPH) (infield hit)
Rodrigo Jiménez to second
Batting: LHB Richard Beagle 0-0: Called Strike
0-1: Foul Ball, location: 2F
0-2: Foul Ball, location: 2F
0-2: Foul Ball, location: 2F
0-2: SINGLE (Groundball, 3, EV 93.8 MPH) (infield hit)
Rodrigo Jiménez to third
Jorge Peniche to second
Batting: LHB Alfredo Pliego 0-0: Swinging Strike
0-1: Ball
1-1: DOUBLE (Line Drive, 9LS, EV 96.9 MPH)
Rodrigo Jiménez scores
Jorge Peniche scores
Richard Beagle to third
Runner from 3rd tries for Home, SAFE, no throw by RF
Pitching: RHP Michael White
Batting: SHB John Joseph 0-0: Called Strike
0-1: Ball
1-1: SINGLE (Line Drive, 6MD, EV 94.4 MPH)
Alfredo Pliego to third
Runner from 3rd tries for Home, SAFE, no throw by CF
Batting: LHB Kyung-ryul Kim 0-0: Ball
Balk!
John Joseph to second
1-0: Ball
2-0: Fly out, F9 (Flyball, 9LSF, EV 83.8 MPH)
Bottom of the 5th over - 4 runs, 5 hits, 0 errors, 1 left on base; Asheville 2 - Yakima 6
TOP OF THE 6TH
Asheville Highlanders batting - Pitching for Yakima Hops : LHP Miguel Núñez
Pitching: RHP Kai-ge Moy
Batting: RHB Tikaroa Hakapuna 0-0: Foul Ball, location: 2F
0-1: Ball
1-1: Swinging Strike
1-2: Strikes out swinging
Batting: RHB Dusan Kontic 0-0: DOUBLE (Line Drive, 9LD, EV 105.6 MPH)
Batting: RHB Joe Frank 0-0: Ball
1-0: Ball
2-0: Foul Ball, location: 2F
2-1: Ball
3-1: Foul Ball, location: 2F
3-2: Fly out, F8 (Flyball, 8RM, EV 83.8 MPH)
Batting: RHB Ivano Pohvisnev 0-0: Ball
1-0: Foul Ball, location: 2F
1-1: Called Strike
1-2: Strikes out looking
Top of the 6th over - 0 runs, 1 hit, 0 errors, 1 left on base; Asheville 2 - Yakima 6
BOTTOM OF THE 6TH
Yakima Hops batting - Pitching for Asheville Highlanders : RHP Michael White
Batting: RHB Nicodemo Nardone 0-0: Foul Ball, location: 2F
0-1: Swinging Strike
0-2: Ground out 6-3 (Groundball, 6, EV 100.0 MPH)
Batting: RHB Tim Dickson 0-0: Ball
1-0: Foul Ball, location: 2F
1-1: Ball
2-1: Swinging Strike
2-2: Foul Ball, location: 2F
2-2: Ball
3-2: Foul Ball, location: 2F
3-2: Strikes out swinging
Batting: RHB Rickey Warner 0-0: Fly out, F7 (Flyball, 7LMF, EV 95.6 MPH)
Bottom of the 6th over - 0 runs, 0 hits, 0 errors, 0 left on base; Asheville 2 - Yakima 6
TOP OF THE 7TH
Asheville Highlanders batting - Pitching for Yakima Hops : RHP Kai-ge Moy
Now at 2B: Clarence Price
Batting: RHB José Portiz 0-0: Ball
1-0: Called Strike
1-1: Ball
2-1: Swinging Strike
2-2: Ball
3-2: Strikes out swinging wild pitch, reaches first!
Batting: RHB Francis Raffone 0-0: Called Strike
0-1: Grounds into double play, 5-4-3 (Groundball, 56S, EV 81.9 MPH)
Batting: LHB Mark Mears 0-0: Ball
1-0: Swinging Strike
1-1: Called Strike
1-2: Strikes out swinging
Top of the 7th over - 0 runs, 0 hits, 0 errors, 0 left on base; Asheville 2 - Yakima 6
BOTTOM OF THE 7TH
Yakima Hops batting - Pitching for Asheville Highlanders : RHP Michael White
Batting: RHB Rodrigo Jiménez 0-0: Ball
1-0: Swinging Strike
1-1: Called Strike
1-2: SINGLE (Flyball, 89M, EV 92.5 MPH)
Batting: LHB Jorge Peniche 0-0: Called Strike
0-1: SINGLE (Line Drive, 4MD, EV 106.2 MPH)
Rodrigo Jiménez to second
Batting: LHB Richard Beagle 0-0: Called Strike
0-1: Ball
1-1: Swinging Strike
1-2: Strikes out swinging
Batting: LHB Alfredo Pliego 0-0: Called Strike
0-1: Foul Ball, location: 2F
0-2: Foul Ball, location: 2F
0-2: Ball
1-2: Strikes out swinging
Batting: SHB John Joseph 0-0: Ball
1-0: Ball
2-0: Foul Ball, location: 2F
2-1: Fly out, F3 (Line Drive, 3, EV 66.9 MPH)
Bottom of the 7th over - 0 runs, 2 hits, 0 errors, 2 left on base; Asheville 2 - Yakima 6
TOP OF THE 8TH
Asheville Highlanders batting - Pitching for Yakima Hops : RHP Kai-ge Moy
Now in LF: Juan Fuentes
Batting: RHB Lane Ruffin 0-0: Ball
1-0: Ball
2-0: Fly out, F3 (Popup, 3SF, EV 85.0 MPH)
Batting: RHB Luis Romero 0-0: Swinging Strike
0-1: Called Strike
0-2: Ball
1-2: Fly out, F9 (Flyball, 89M, EV 85.6 MPH)
Batting: RHB Tikaroa Hakapuna 0-0: Ball
1-0: Ball
2-0: Foul Ball, location: 2F
2-1: Fly out, F7 (Flyball, 7D, EV 102.5 MPH)
Top of the 8th over - 0 runs, 0 hits, 0 errors, 0 left on base; Asheville 2 - Yakima 6
BOTTOM OF THE 8TH
Yakima Hops batting - Pitching for Asheville Highlanders : RHP Michael White
Batting: LHB Kyung-ryul Kim 0-0: Swinging Strike
0-1: Ball
1-1: Ball
2-1: Called Strike
2-2: SINGLE (Line Drive, 8RS, EV 100.0 MPH)
Batting: RHB Nicodemo Nardone 0-0: Ball
1-0: Bunted foul
1-1: Bunted foul
1-2: Fly out, F9 (Line Drive, 9, EV 91.2 MPH)
Batting: RHB Clarence Price 0-0: Ball
1-0: Called Strike
1-1: Called Strike
1-2: Ball
2-2: Ball
3-2: Strikes out looking
Kyung-ryul Kim steals 2nd base
Batter strikes out.
Batting: RHB Rickey Warner 0-0: Fly out, F8 (Line Drive, 8RM, EV 96.9 MPH)
Bottom of the 8th over - 0 runs, 1 hit, 0 errors, 1 left on base; Asheville 2 - Yakima 6
TOP OF THE 9TH
Asheville Highlanders batting - Pitching for Yakima Hops : RHP Kai-ge Moy
Pitching: RHP Walt McPike
Batting: RHB Dusan Kontic 0-0: Ball
1-0: Ball
2-0: Swinging Strike
2-1: Foul Ball, location: 2F
2-2: Strikes out looking
Batting: RHB Joe Frank 0-0: Ball
1-0: Called Strike
1-1: Ball
2-1: Fly out, F3 (Popup, 23F, EV 86.9 MPH)
Batting: RHB Ivano Pohvisnev 0-0: Ball
1-0: Ball
2-0: Called Strike
2-1: Ball
3-1: Ground out 4-3 (Groundball, 34, EV 86.2 MPH)
Top of the 9th over - 0 runs, 0 hits, 0 errors, 0 left on base; Asheville 2 - Yakima 6
Tuesday, January 5th, 2021 - OOTP Baseball 20.8 Build 74